cohdb
Replays
Latest Replays
All Replays
Popular Replays
Top Player Replays
Match Explorer
How It Works
Community
CoH3 Stats
Reddit
Sign in to upload your games and track your stats! →
Sign in with Steam
Match 20363601
Unlisted
Match 20363601
Overview
Messages
Build Orders
End
Royal Engineer Section
Construct Section Command Post
Infantry Section
Dingo Light Scout Car
Infantry Section
Selects Air and Sea Battlegroup
Selects Supply Surplus
Construct Resource Cache
Construct Platoon Command Post
6-pounder Anti-tank Gun Team
Construct Field Infirmary
Construct Resource Cache
Selects Centaur Medium Tank
Centaur Medium Tank
Infantry Section
MonoChrome
General Idea
The_Jonny_Boy94
カルト_くん
0
0
Comments
sign in to comment!
No comments posted yet!